Workbook

Sheet TES
C2: New Structure at TES | F2: 45323
E5: TES MANAGEMENT BOARD (TMB) | N5: TES SUPERVISORY BOARD
N6: LERCH Manfred VILIŠ Martin, SÝKORA Tomáš KACPRZAK Mateusz, MILLER Piotr
E7: PAVLICA Tomáš (CEO)
E8: PFEILER Zdeněk (COO) KASANICKÝ Ján (CFO)
C11: TES Leadership Team
C15: Quality JANUŠ Luděk | F15: Sales & Project Management | I15: Production & Maintenance/Investments | M15: HR, Finance & Administration
C19: Supply Chain ORBES Pavel | F19: Sales SC HORÁK Aleš | I19: Mech. Comp. & Assembly STUPKA Ján | M19: Human Resources ROCHOWANSKÁ Tereza
F22: PM SC MACHÁČEK Jaroslav | I22: Technology OVESNÝ Luboš | M22: Controlling MÁČALA Jakub
C23: R&D ŠKÝVARA Petr
F25: Sales MS VYPUŠŤÁK Ondřej | I25: Planning TKADLEC Pavel | M25: Accounting ŠVAGEROVÁ Martina
C28: Automation Technology R&D and Electical Design JANUŠKA Peter | F28: PM MS SOCHORA Marek | I28: El. Compon. & Lams. POLANSKÝ Petr | M28: IT KOUSALOVÁ Erika
F31: Technical Sales STUPKOVÁ Jana | I31: Switchboard & Toolshop MATULA Lukáš
C33: Automation Technology Mechanical Design ZAPALAČ Zbyněk
F34: Marketing BABICOVÁ Pavla | I34: Technical Director ŠVAJKA Robert
I37: Repair & Maintenance DANĚK Tomáš ŠVAJKA Robert
C38: Logistics SKŘIVÁNKOVÁ Zuzana

Sheet Units
A1: UNIT | B1: ENGLISH | C1: CZECH
A2: 1140 | B2: Development | C2: Rozvoj
A3: 1210 | B3: Quality Management | C3: Řízení procesu kvality
A4: 1410 | B4: Supply Chain | C4: Nákup
A5: 1420 | B5: Material Warehouse | C5: Materiálové sklady
A6: 1510 | B6: Controlling | C6: Controlling
A7: 1520 | B7: Accounting Department | C7: Účtárna
A8: 1530 | B8: IT | C8: Informatika
A9: 1610 | B9: HR | C9: Personální oddělení
A10: 1910 | B10: Operations Management - TMO | C10: Řízení provozu TOV
A11: 1920 | B11: Energetics | C11: Energetika
A12: 1930 | B12: Electrical Maintenance | C12: Elektroúdržba
A13: 1940 | B13: Machinery Maintenance | C13: Strojní údržba
... A25: 2450 | B25: Shafts | C25: Hřídele
A26: 2460 | C26: Ostřírna
A27: 2531 | B27: Coils And Winding Shop | C27: Cívky a navijárna
A28: 2532 | B28: Own Machines Winding Shop | C28: Navijárna vlastních strojů
A29: 2540 | B29: ABB LV winding | C29: Hromadné navíjení svazků
A30: 2551 | B30: Assembly | C30: Montáž
A31: 2560 | B31: Testing room | C31: Zkušebna
A32: 2570 | B32: Painting And Packaging Shop | C32: Lakovna a balení
A33: 2572 | B33: Impregnation | C33: Impregnace
A34: 2620 | B34: Own Machines Stacking Shop | C34: Paketárna vlastních strojů
A35: 2650 | B35: Own Machines Assembly | C35: Montáž vlastních strojů
A36: 2720 | B36: Electrical Production | C36: Elektrovýroba
A37: 2730 | B37: Single Part Production - Switchboard | C37: Výroba kusových rozvaděčů
A38: 2740 | B38: Testing room | C38: Zkušebna
... A74: 5530 | B74: Development | C74: Vývoj

Sheet Automation Technology ED
B2: New Structure at TES | F2: =TES!F2 -> 45323
AD3: Electrical Design
AD4: 5520 | AE4: JANUŠKA Peter, Ing. | AI4: MN
AD5: 11806 | AE5: Manager Electrical Design Dpt.
AE6: Manažer elektroprojekce
B10: 5520 | C10: MYNÁŘ Jiří | G10: T | I10: 5520 | J10: FILA Miroslav | N10: T | P10: 5520 | Q10: NEOBSAZENO | U10: T | W10: 5520 | X10: NEOBSAZENO | AB10: T | AD10: 5520 | AE10: JAROŠEK Tomáš, Bc. | AI10: T | AK10: 5520 | AL10: SPURNÝ David, Ing. | AP10: T | AR10: 5530 | AS10: SKÁCEL Michal, Ing. | AW10: T | AY10: 5520 | AZ10: NOVOSÁD Jaroslav, Ing. | BD10: T
B11: 12781 | C11: Electrical Designer/ PLC Programmer | I11: 20024 | J11: Design Engineer | Q11: Electrical Designer/ PLC Programmer | X11: Design Engineer/Electrical Designer | AD11: 20118 | AE11: Project Manager for SKODA AUTO | AK11: 12232 | AL11: Electrical Designer/ PLC Programmer | AR11: 12438 | AS11: R&D Programmer | AY11: 11783 | AZ11: HW - SW Designer
C12: Projektant elektro - Programátor PLC | J12: Elektrokostruktér | Q12: Projektant elektro - Programátor PLC | X12: Elektrokonstruktér/elektroprojektant | AE12: Projektový manažer pro ŠKODA AUTO | AL12: Projektant elektro - Programátor PLC | AS12: Programátor pro R&D | AZ12: Konstruktér
B16: Jednatelé
B17: Manažeři
B18: Vedoucí
B19: Administrativa
B20: Režisti
B21: Dílny
B22: Mateřská
B23: Externista

Sheet Automation Technology MD
B2: New Structure at TES | F2: =TES!F2 -> 45323
P3: Člen představenstva
P4: 1110 | Q4: PFEILER Zdeněk, Ing. | U4: J
P5: 11350 | Q5: Operations & Plant Manager (COO)
Q6: Výrobní ředitel
P8: 5510 | Q8: ZAPALAČ Zbyněk | U8: MN
P9: 20251 | Q9: Manager of Mechanical Design
Q10: Manažer konstrukce
I13: 5512 | J13: KRISTEN Šimon, Ing. | N13: VS | P13: 5511 | Q13: KRSEK Michal | U13: VS | W13: 5511 | X13: FOJTŮ Hana | AB13: T
I14: 12317 | J14: Mechanical Designer - Test Stands Technical Calculations | P14: 20327 | Q14: Mechanical Designer - SPM | W14: 20243 | X14: Mechanical Designer QAD Specialist
J15: Konstruktér | Q15: Konstruktér | X15: Konstruktér
B17: Jednatelé | I17: 5512 | J17: MARCOŇ Václav | N17: T | P17: 5511 | Q17: JANOTA Petr, Ing. | U17: T
B18: Manažeři | I18: 12272 | J18: Mechanical Designer - Test Stands | P18: 20238 | Q18: Mechanical Designer - SPM Pneumatic components specialist
B19: Vedoucí | J19: Konstruktér - Zkušební stanoviště | Q19: Konstruktér
B20: Administrativa
B21: Režisti | P21: 5511 | Q21: VALIGURA Bohuslav, Ing. | U21: T
B22: Dílny | P22: 12508 | Q22: Mechanical Designer - SPP
B23: Mateřská | Q23: Konstruktér - JUS
B24: Externista
P25: 5511 | Q25: VÁLEK Michal, Ing. | U25: T
P26: 12443 | Q26: Mechanical Designer - SPP
Q27: Konstruktér - JUS
P29: 5511 | Q29: SLOVÁČEK František, Ing. | U29: T
P30: 20240 | Q30: Mechanical Designer - SPP
Q31: Konstruktér - JUS

Sheet _TST_Automation Technology MD
B2: New Structure at TES | F2: =#REF! -> #REF!
B3: THZ | C3: 17 | I3: Automatical Technology Mechanical Design
B4: DR | C4: 0 | I4: 5510 | J4: ZAPALAČ Zbyněk | N4: M II
B5: DV | C5: 0 | I5: 20251 | J5: Manager of Mechanical Design
J6: Manažer konstrukce
B9: 5510 | C9: BAYER Jiří | G9: T | I9: 5510 | J9: KRISTEN Šimon, Ing. | N9: T | P9: 5510 | Q9: JANEČEK Jiří Ing. | U9: T
B10: 20258 | C10: Technologies | I10: 12317 | J10: Mechanical Designer - Test Stands Technical Calculations | P10: 12374 | Q10: Mechanical Designer - SPM
C11: Technolog | J11: Konstruktér - Zkušební stanoviště | Q11: Konstruktér - JUS
B13: 5510 | C13: MRÁZEK Radovan | G13: T | I13: 5510 | J13: KUBĚJA Jiří, Ing. | N13: T | P13: 5510 | Q13: JANOTA Petr, Ing. | U13: T
B14: 11633 | C14: Technologies | I14: 11889 | J14: Mechanical Designer - Test Stands Technical Calculations | P14: 20238 | Q14: Mechanical Designer - SPM Pneumatic components specialist
C15: Technolog | J15: Konstruktér - Zkušební stanoviště | Q15: Konstruktér - JUS
B17: 5510 | C17: ZMEŠKAL Zdeněk | G17: T | I17: 5510 | J17: MARCOŇ Václav | N17: T | P17: 5510 | Q17: JURÁNEK Pavel, Ing. | U17: T
B18: 11872 | C18: Technologies | I18: 12272 | J18: Mechanical Designer - Test Stands | P18: 12350 | Q18: Mechanical Designer - SPM
C19: Technolog | J19: Konstruktér - Zkušební stanoviště | Q19: Konstruktér - JUS
I21: 5510 | J21: MARKOVÁ Hana | N21: T | P21: 5510 | Q21: KRSEK Michal | U21: T
C22: Manažeři I | I22: 1034 | J22: Mechanical Designer - Test Stands | P22: 20327 | Q22: Mechanical Designer - SPM
C23: Manažeři II | J23: Konstruktér - Zkušební stanoviště | Q23: Konstruktér - JUS
C24: Vedoucí
C25: Administrativa | I25: 5510 | J25: VALENTA Tomáš, Ing. | N25: T | P25: 5510 | Q25: SLOVÁČEK František, Ing. | U25: T
C26: Režisti | I26: 11914 | J26: Mechanical Designer - Test Stands | P26: 20240 | Q26: Mechanical Designer - SPP Technical Calculations
C27: Dílny | J27: Konstruktér - Zkušební stanoviště | Q27: Konstruktér - JUS
C28: Mateřská
I29: 5510 | J29: FOJTŮ Hana | N29: T | P29: 5510 | Q29: VÁLEK Michal, Ing. | U29: T
I30: 20243 | J30: Mechanical Designer QAD Specialist | P30: 12443 | Q30: Mechanical Designer - SPP
J31: Konstruktér | Q31: Konstruktér - JUS
P33: 5510 | Q33: VALIGURA Bohuslav, Ing. | U33: T
P34: 12508 | Q34: Mechanical Designer - SPP
Q35: Konstruktér - JUS
P37: 5510 | Q37: FOJTŮ Hana | U37: T
P38: 20243 | Q38: Mechanical Designer QAD Specialist
Q39: Konstruktér

Sheet Quality
B2: New Structure at TES | F2: =TES!F2 -> 45323
W3: 1210 - Kvalita / Quality
W4: 1210 | X4: JANUŠ Luděk, Ing. | AB4: MN
W5: 01013 | X5: Quality Direktor
X6: Ředitel kvality
B10: 1210 | C10: MACHÁČOVÁ Pavla | G10: T | I10: 1210 | J10: VRÁNOVÁ Hana, Mgr. | N10: R | P10: 1210 | Q10: PINĎÁK Rostislav | U10: VS | W10: 1210 | X10: HOJSÁK Petr, Ing. | AB10: T | AD10: 1210 | AE10: FAJKUS Jiří | AI10: R | AK10: 1210 | AL10: CHYTIL Petr | AP10: T
B11: 99910 | C11: Inspektor Quality | I11: 12773 | J11: EMS Referent | P11: 96336 | Q11: Welding Supervisor (IWT) | W11: 12742 | X11: Inspektor Quality Senior | AD11: 12712 | AE11: Metrologist | AK11: 12444 | AL11: Supplier Quality Engineer (SQE)
C12: Inspektor kvality - vst.kontrola | J12: Referent EMS | Q12: Svařovací dozor | X12: Inspektor kvality - senior | AE12: Metrolog | AL12: SQE - Inženýr kvality pro dodavetale
I14: 1210 | J14: JELÉNKOVÁ Markéta | N14: R | P14: 1 | Q14: DOLEŽEL František | U14: EX
C15: Jednatelé | I15: 12412 | J15: EMS Referent | N15: Mat. | Q15: Welding Technologist (IWT) - externaly
C16: Manažeři | J16: Referent EMS | Q16: Svařovací technolog - externí
C17: Vedoucí
C18: Administrativa
C19: Režisti | P19: 1 | Q19: SKÁCAL Libor, Ing | U19: EX | X19: Inženýři a Inspektoři kvality jednotlivých produktových jednotek spadají personálně pod Produktové manažery. Ti však nemůžou rozhodnout o kvalitě výrobku. Z pohledu kvality výrobku spadají tyto pozice pod Ředitele kvality. Tím je zajištěna nezávislost zmíněných pozic na výrobních útvarech. Pozice IWS (svařovací specialista R. Košárek, os. č. 11408) spadá z pohledu svařovacího systému pod Ředitele kvality, stejně jako IWT (R. Pinďák).
C20: Dílny | Q20: Healrth and Safety specialist - externaly
C21: Mateřská | Q21: Technik BOZP a PO - externí
C22: Externista

Sheet SCM
B2: New Structure at TES | F2: =TES!F2 -> 45323
Z3: 1410 - Nákup / Purchase
Z4: 1410 | AA4: ORBES Pavel | AE4: MN
Z5: 12103 | AA5: Supply Chain Director
AA6: Vedoucí nákupu
C10: 1410 | D10: GRYGAR Karel, Ing. | H10: R | J10: 1410 | K10: KUKULA Radim, Mgr. | O10: R | Q10: 1410 | R10: ORSÁGOVÁ Jitka, Mgr. | V10: R | X10: 1410 | Y10: PETRČKA Tomáš | AC10: R | AE10: 1410 | AF10: RUSÍNOVÁ Eva, Ing. | AJ10: R | AL10: 1410 | AM10: KOŽICHOVÁ Linda | AQ10: R
C11: 01017 | D11: Purchase Officer | J11: 01018 | K11: Purchase Officer | Q11: 12433 | R11: Purchase Officer | X11: 20247 | Y11: Purchase Officer | AE11: 20369 | AF11: Purchase Officer | AL11: 12663 | AM11: Purchase Officer
D12: Referent nákupu | K12: Referent nákupu | R12: Referent nákupu | Y12: Referent nákupu | AF12: Referent nákupu | AM12: Referent nákupu
AL14: 1410 | AM14: RECHTIGOVÁ Lucie | AQ14: R
E15: Jednatelé | AL15: 12216 | AM15: Purchase Officer | AQ15: Mat.
E16: Manažeři | AM16: Referent nákupu
E17: Vedoucí
E18: Administrativa
E19: Režisti
E20: Dílny
E21: Mateřská
E22: Externista

Sheet Logistics
B2: New Structure at TES | F2: =TES!F2 -> 45323
W3: Logistika
W4: 1350 | X4: SKŘIVÁNKOVÁ Zuzana | AB4: MN
W5: 12589 | X5: Logistics manager
X6: Manažer logistiky
B10: 1350 | C10: BARTONÍKOVÁ Vladimíra | G10: DR | I10: 1350 | J10: MIKULA Petr | N10: DR | P10: 1350 | Q10: ORSÁG Josef | U10: DR | W10: 1350 | X10: MALINOVÁ Šárka | AB10: DR | AD10: 1350 | AE10: KULHÁNEK Jiří | AI10: DR | AK10: 1350 | AL10: ADAMÍKOVÁ Alena | AP10: DR | AR10: 1350 | AS10: KOCUREK Miroslav | AW10: DR | AY10: 4310 | AZ10: VICHTORA Adam | BD10: R
B11: 54355 | C11: Stock Clerk | I11: 10458 | J11: Stock Clerk | P11: 12678 | Q11: Stock Clerk | W11: 12267 | X11: Stock Clerk | AD11: 11812 | AE11: Stock Clerk | AK11: 20315 | AL11: Stock Clerk | AR11: 20322 | AS11: Stock Clerk | AY11: 12698 | AZ11: Expedient
C12: Skladník | J12: Skladník | Q12: Skladník | X12: Skladník | AE12: Skladník | AL12: Skladník | AS12: Skladník | AZ12: Expedient
C18: Administrativa
C19: Režisti
C20: Dílny
C21: Mateřská
C22: Externista

Sheet Sales
B2: New Structure at TES | F2: =TES!F2 -> 45323
N3: Předseda představenstva
N4: 1110 | O4: PAVLICA Tomáš, Ing.
N5: 10090 | O5: CSO
O6: Ředitel obchodu a PM
B10: 3210 | C10: VYPUŠŤÁK Ondřej, Ing. | G10: MO | J10: 4210 | K10: HORÁK Aleš, Ing. | O10: MO | R10: 5210 | S10: STUPKOVÁ Jana | W10: MO | Z10: 1810 | AA10: BABICOVÁ Pavla, Ing. A MSc. | AE10: R | AH10: přímý nadřízený
B11: 10402 | C11: Sales Team Leader Machines & Solutions | J11: 11283 | K11: Sales Team Leader Systém Components | R11: 20209 | S11: Key account manager | Z11: 12758 | AA11: Marketing specialist | AH11: nepřímý nadřízený
C12: Obchodní manažer | K12: Obchodní manažer | S12: Key account manager | AA12: Marketingový specialista
AH13: Jednatelé
B14: 3210 | C14: RÁC Oldřich, Ing. | G14: MO | J14: 4210 | K14: RYŠAVÝ Pavel Ing. | O14: MO | R14: 5220 | S14: KOZMÍKOVÁ Pavlína | W14: R | AH14: Manažeři
B15: 72338 | C15: Key Account Manager | J15: 12612 | K15: Key Account Manager | R15: 12658 | S15: Project Management | AH15: Vedoucí
C16: Key Account Manager | K16: Key Account Manager | S16: Referent řízení zakázky | AH16: Administrativa
AH17: Režisti
B18: 3210 | C18: RUDOMETOV Aleksandr | G18: MO | J18: 4210 | K18: KOTEK Roman | O18: MO | R18: 5220 | S18: PILČÍKOVÁ Michaela | W18: R | AH18: Dílny
B19: 12760 | C19: Key Account Manager | J19: 12166 | K19: Key Account Manager | R19: 12544 | S19: Project Management | W19: Mat. | AH19: Mateřská
C20: Key Account Manager | K20: Key Account Manager | S20: Referent řízení zakázky | AH20: Externista
B22: 3210 | C22: JURČA Petr | G22: MO | J22: 4210 | K22: KAŠPAROVÁ Kateřina, Ing. | O22: R
B23: 12785 | C23: Key Account Manager | J23: 11884 | K23: Key Account Manager
C24: Key Account Manager | K24: Key Account Manager
B26: 3210 | C26: TRLICOVÁ Petra | G26: R | J26: 4210 | K26: NAVRÁTILOVÁ Lenka, Ing. | O26: R
B27: 12075 | C27: Sales Assistant | J27: 12439 | K27: Cost Analyst
C28: Asistentka obchodu | K28: Kalkulant
B30: 5520 | C30: JAROŠEK Tomáš, Bc. | G30: T | J30: 4210 | K30: BŘEZINOVÁ Jitka | O30: R
B31: 20118 | C31: Project Manager for SKODA AUTO | J31: 12714 | K31: Cost Analyst
C32: Projektový manažer pro ŠKODA AUTO | K32: Kalkulant
B34: 5510 | C34: ZAPALAČ Zbyněk | G34: MN | J34: 4210 | K34: ERNESTOVÁ Kateřina, Ing. | O34: R
B35: 20251 | C35: Manager of Mechanical Design | J35: 12134 | K35: Cost Analyst | O35: Mat.
C36: Manažer konstrukce | K36: Kalkulant
B38: 5220 | C38: BĚLINA Lukáš | G38: MO
B39: 12675 | C39: Key Account Manager
C40: Key Account Manager
B42: 5220 | C42: JANUŠKOVÁ Jitka Ing. | G42: R
B43: 11926 | C43: Key Account Manager | G43: Mat
C44: Key Account Manager

Sheet Technical Service
B2: New Structure at TES | F2: =TES!F2 -> 45323
M3: 3480 - Servis / Service
M4: 3480 | N4: SURÝ Antonín, DiS | R4: MN
M5: 01030 | N5: Teamleader - Technical Support
N6: Manažér servisu
C15: Jednatelé
C16: Manažeři
C17: Vedoucí
C18: Administrativa
C19: Režisti
C20: Dílny
C21: Mateřská
C22: Externista

Sheet Project Management
C2: New Structure at TES | G2: =TES!F2 -> 45323
J3: Předseda představenstva
J4: 1110 | K4: PAVLICA Tomáš, Ing.
J5: 10090 | K5: CSO
K6: Ředitel obchodu a PM
C8: Jednatelé
C9: Manažeři
C10: Vedoucí | G10: 4310 | H10: MACHÁČEK Jaroslav | L10: MN | N10: 3310 | O10: SOCHORA Marek, Ing. | S10: VS
C11: Administrativa | G11: 01028 | H11: Project Management Manager System Components | N11: 11154 | O11: Project Management Manager System Components
C12: Režisti | H12: Manažer řízení zakázek | O12: Vedoucí řízení zakázek
C13: Dílny
C14: Mateřská | G14: 4310 | H14: DUŠKOVÁ Barbora, Bc. | L14: R | N14: 3310 | O14: HRTÁŇOVÁ Iva, Ing. | S14: R
C15: Externista | G15: 11913 | H15: Project Management | N15: 12008 | O15: Project Manager
H16: Referent řízení zakázky | O16: Projektový manažer
G18: 4310 | H18: GAHUROVÁ Tereza | L18: R | N18: 3310 | O18: VALOVÁ Radka | S18: R
G19: 12641 | H19: Project Management | N19: 11635 | O19: Project Manager
H20: Referent řízení zakázky | O20: Projektový manažer
G22: 4310 | H22: OBADALOVÁ Marie, Bc. | L22: R | N22: 3310 | O22: VARGOVÁ Dagmar, Ing. | S22: R
G23: 99217 | H23: Project Management | N23: 12721 | O23: Project Manager
H24: Referent řízení zakázky | O24: Projektový manažer
G26: 4310 | H26: ORSÁGOVÁ Alena | L26: R | N26: 5220 | O26: HRUBOŇOVÁ Petra, Bc. | S26: R
G27: 12205 | H27: Project Management | N27: 12383 | O27: Project Manager
H28: Referent řízení zakázky | O28: Projektový manažer
G30: 4310 | H30: ŠEDĚNKOVÁ Petra Ing. | L30: R | N30: 3310 | O30: SOCHOROVÁ Pavlína | S30: R
G31: 12715 | H31: Project Management | N31: 12192 | O31: Referent péče o zákazníka | S31: Mat.
H32: Referent řízení zakázky

Sheet Assembly Testing
B2: New Structure at TES | F2: =#REF! -> #REF!
W3: Electrical Machine Assembly
B4: THZ | C4: =SUM(D4:G4) -> 0
B5: DR | C5: =SUM(D5:G5) -> 0 | X5: Product Unit Manager
B6: DV | C6: =U16+U17+U18+AB23+AB22 -> 17 | X6: Manažer produktové jednotky
B11: 2560 | C11: CAPIL Tomáš | G11: T | I11: 2560 | J11: ŠKÝVARA Jiří | N11: T | P11: 3460 | Q11: HROMADA Jaromír | U11: M | X11: SCHNEIDER Tomáš | AB11: M | AD11: 2560 | AE11: CHRÁSTECKÝ David | AI11: T | AK11: 3430 | AL11: VRZAL Martin | AP11: T | AR11: 3420 | AS11: MELIŠÍK Martin, Ing., Ph.D. | AW11: VS
B12: 11759 | C12: Test Technician | I12: 32511 | J12: Test Technician | P12: 81237 | Q12: Master - Winding Shop, Impregnation | X12: Master of Assembly | AD12: 11749 | AE12: Test Technician | AK12: 11073 | AL12: Quality Inspector - junior | AR12: 11378 | AS12: Head of Technology
C13: Zkušební Technik | J13: Zkušební Technik | Q13: Mistr - navijáren, impregnace | X13: mistr montáže | AE13: Zkušební Technik | AL13: Inspektor kvality junior | AS13: Technolog
AR15: 3420 | AS15: PASTORČÁK Radim | AW15: T
C16: Jednatelé | P16: 2532 | Q16: Naviárna / Winding Shop | U16: 5 | AR16: 91523 | AS16: Technologist
C17: Manažeři | P17: 2572 | Q17: Impregnace / Impregnation | U17: 4 | AS17: Technolog elektro
C18: Vedoucí | P18: 2620 | Q18: Paketárna / Stacking Shop | U18: 3
C19: Administrativa | AR19: 3420 | AS19: VAJDA Jan | AW19: T
C20: Režisti | AR20: 1217 | AS20: Technologist and Quality engineer Assembly
C21: Dílny | AS21: Konstruktér + Inženýr kvality montáž, zkušebna
C22: Mateřská | P22: 2551 | Q22: CHALUPKA Milan | U22: DR | W22: 2551 | X22: Montáž / Assembly | AB22: 0 | AD22: 3440 | AE22: URUBKOVÁ Milena | AI22: DR | AK22: 3440 | AL22: TRLICOVÁ PETRA | AP22: DR
C23: Externista | P23: 12516 | Q23: Operator - Forklift | W23: 2650 | X23: Montáž strojů / Machines Assembly | AB23: 5 | AD23: 40297 | AE23: Warehouse | AK23: 12470 | AL23: Warehouse
Q24: Manipulant - řidič VV | AE24: Skladník - zásobovač | AL24: Skladník - výdejce

Sheet Technologist - Methodics
B2: New Structure at TES | F2: =TES!F2 -> 45323 | I2: Technologie / Technology
I3: 4410 | J3: OVESNÝ Luboš | N3: MN
I4: 98834 | J4: Head od Technology
J5: VS TPV
B9: 3420 | C9: MELIŠÍK Martin, Ing., Ph.D. | G9: VS | I9: 4410 | J9: OVESNÝ Luboš | N9: MN | P9: 4610 | Q9: TOMANEC Zdeněk | U9: VS
B10: 11378 | C10: Head of Technology | I10: 98834 | J10: Leader of TPP | P10: 10207 | Q10: Leader of TPP
C11: Technolog | J11: VS TPV | Q11: VS TPV (technolog)
B13: 3420 | C13: PASTORČÁK Radim | G13: T | I13: 4410 | J13: LATINA Jakub | N13: T | P13: 4610 | Q13: KOŠÁREK Radim | U13: T
B14: 91523 | C14: Technologist | I14: 11550 | J14: Technologist | P14: 11408 | Q14: Technologist & Welding Specialist (IWS)
C15: Technolog elektro | J15: Technolog | Q15: Technolog
I17: 4410 | J17: MACHALA Petr | N17: VS | P17: 4610 | Q17: MALIŠ Ondřej | U17: T
I18: 94301 | J18: Technologist | P18: 12734 | Q18: Technologist
J19: VS Technologie | Q19: Technolog - inženýr kvality
B21: Jednatelé | E21: Polanský | I21: 4410 | J21: BAŘÁK Jaroslav, Ing. | N21: T | P21: 4610 | Q21: LEŠČIŠÍN Jakub | U21: T
B22: Manažeři | E22: Stupka | I22: 63210 | J22: Technologist | P22: 12431 | Q22: Designer
B23: Vedoucí | J23: Technolog | Q23: Konstruktér
B24: Administrativa
B25: Režisti | I25: 4410 | J25: HERMANOVÁ Margita, Ing. | N25: T | P25: 4610 | Q25: MACHÁČ Vlastimil, Bc. | U25: T
B26: Dílny | I26: 10054 | J26: Technologist | P26: 10834 | Q26: Technologist - Winding
B27: Mateřská | J27: Technolog | Q27: Technolog navíjení
B28: Externista
I29: 4410 | J29: NOVOSAD Robert | N29: T | P29: 4610 | Q29: BLANARČÍK Petr, Ing. | U29: T
I30: 10110 | J30: Technologist | P30: 01038 | Q30: Designer
J31: Technolog | Q31: Konstruktér
I33: 4410 | J33: SUROVEC Jiří, Ing. | N33: T | P33: 4610 | Q33: KŘÍŽEK Petr, Ing. | U33: T
I34: 10171 | J34: Technologist | P34: 12745 | Q34: Designer
J35: Technik specialista | Q35: Konstruktér
I37: 4410 | J37: BAROŇ Michal, Ing. | N37: T | P37: 4610 | Q37: KULÍŠEK Adam | U37: T
I38: 11502 | J38: Designer | P38: 12757 | Q38: Designer
J39: Konstruktér | Q39: Konstruktér
I41: 4410 | J41: MOLEK Petr | N41: T
I42: 01046 | J42: Designer
J43: Konstruktér
I45: 4410 | J45: MARTINŮ Jan, Ing. | N45: T
I46: 12195 | J46: Designer
J47: Konstruktér

Sheet Planning
B2: New Structure at TES | F2: =TES!F2 -> 45323
X3: Synchronizované plánování / Synchronous planning
X4: 4710 | Y4: TKADLEC Pavel | AC4: MN
X5: 01016 | Y5: Synchronus Planning Manager
Y6: Manažer synchronizovaného plánování
B10: 4710 | C10: GARGULÁK Tomáš | G10: R | I10: 5220 | J10: PILARSKÁ Jana, Bc. | N10: R | P10: 4710 | Q10: RIDEL Petr | U10: R | W10: 4710 | X10: ŠERÝ Ondřej | AB10: R | AD10: 4710 | AE10: HNÁTKOVÁ Iveta | AI10: R | AK10: 4710 | AL10: TRUKSOVÁ Soňa | AP10: R | AR10: 4710 | AS10: VÁVRA Zbyněk, Ing. | AW10: R
B11: 11664 | C11: Planner - Dispatcher | I11: 20381 | J11: Planner- Dispatcher | P11: 52851 | Q11: Planner - Dispatcher | W11: 11615 | X11: Planner - Dispatcher | AD11: 11996 | AE11: Planner - Dispatcher | AK11: 20289 | AL11: Planner - Dispatcher | AR11: 11532 | AS11: Planner - Dispatcher
C12: Plánovač - dispečer | J12: Plánovač -dispečer | Q12: Plánovač - dispečer | X12: Plánovač - dispečer | AE12: Plánovač - dispečer | AL12: Plánovač - dispečer | AS12: Plánovač - dispečer
B15: Jednatelé
B16: Manažeři
B17: Vedoucí
B18: Administrativa
B19: Režisti
B20: Dílny
B21: Mateřská
B22: Externista

Sheet Mech. Components
B2: New Structure at TES | F2: =TES!F2 -> 45323
AI3: Mechanické komponenty / Mechanical Components
AI4: 4440 | AJ4: STUPKA Ján, Ing. | AN4: MN
AI5: 12079 | AJ5: Product Unit Manager
AJ6: Manažer produktové jednotky
C11: 1310 | D11: STAŠOVÁ Gabriela, Ing. | H11: T | J11: 2320 | K11: ONDRA Zbyněk | O11: DR | Q11: 4440 | R11: KREJČÍ Pavel | V11: M | AA11: 4440 | AB11: HNÁTEK Jiří | AF11: M | AI11: 4440 | AJ11: VANĚK Miroslav | AN11: M | AR11: 4440 | AS11: ONDRUŠ Michal | AW11: M | AZ11: 4450 | BA11: SCHNEIDER Tomáš | BE11: M | BI11: 4450 | BJ11: VICHTORA Radek | BN11: M | BP11: 4420 | BQ11: VAJDA Jan | BU11: T | BW11: 4410 | BX11: OVESNÝ Luboš | CB11: MN | CD11: 3420 | CE11: MELIŠÍK Martin, Ing., Ph.D. | CI11: VS | CK11: 2560 | CL11: CAPIL Tomáš | CP11: T
C12: 12031 | D12: Industrial engineer / Healrth and Safety specialist | J12: 11264 | K12: Material Distribution | Q12: 10243 | R12: Master - Welding | AA12: 69985 | AB12: Master - Big Parts machining | AI12: 10869 | AJ12: Master - Big Parts machining | AR12: 11736 | AS12: Master - Servery room | AZ12: 99033 | BA12: Master - Locksmiths, Welding, Painting Shop | BI12: 10103 | BJ12: Master - Machining Smal Parts, Shafts | BP12: 12117 | BQ12: Quality engineer Assembly and Mechanical components | BW12: 98834 | BX12: Leader of TPP | CD12: 11378 | CE12: Head of Technology | CK12: 11759 | CL12: Test Technician
D13: Prům.inženýr / Referent BOZP | K13: Distribuce materiálu | R13: Mistr svařovny | AB13: Mistr velkých dílů | AJ13: Mistr velkých dílů | AS13: Mistr výdejny, ostřírny | BA13: Mistr zám., svařování, lakování | BJ13: Mistr obrábění malých dílů, hřídelí | BQ13: Inženýr kvality montáže a mech. Komponent | BX13: VS TPV | CE13: Technolog | CL13: Zkušební Technik
C15: 1310 | D15: MIKUŠEK Jiří | H15: T | J15: 2320 | K15: KALVOSTER Peter | O15: DR | Q15: 2330 | R15: Svařování malé / Welding Small Parts | BP15: 4420 | BQ15: BLIZŇÁK Zdeněk | BU15: T | BW15: 4410 | BX15: LATINA Jakub | CB15: T | CD15: 3420 | CE15: PASTORČÁK Radim | CI15: T | CK15: 2560 | CL15: TŘETINA Dušan | CP15: T
C16: 89368 | D16: Industrial engineer | J16: 11290 | K16: Operator - Forklift | Q16: 2350 | R16: Svařování velké / Welding Big Parts | AA16: 2420 | AB16: ONDRUŠ Petr | AF16: DR | AI16: 2420 | AJ16: KRATOCHVÍL Miroslav | AN16: DR | AR16: 2460 | AS16: MATOCHA Pavel | AW16: DR | BI16: 2430 | BJ16: ČOKAVEC Ondřej | BN16: DR | BP16: 10102 | BQ16: Quality Inspector Senior | BW16: 11550 | BX16: Technologist | CD16: 91523 | CE16: Technologist | CK16: 12375 | CL16: Test Technician
D17: Průmyslový inženýr | K17: Manipulant - řidič VV | Q17: 2370 | R17: Sériová výroba/ Serial Production | AA17: 11068 | AB17: Operator - Forklift | AI17: 47239 | AJ17: Forklift driver | AR17: 54274 | AS17: Sharpener | AZ17: 2551 | BA17: CHALUPKA Milan | BE17: DR | BI17: 11518 | BJ17: Material distributor | BQ17: Inspektor kvality senior | BX17: Technolog | CE17: Technolog elektro | CL17: Zkušební Technik
AB18: Manipulant - řidič VV | AJ18: Manipulant - řidič VV | AS18: Ostřič | AZ18: 12516 | BA18: Operator - Forklift | BJ18: Manipulant - komnpletátor
C19: 1310 | D19: DANIHEL Lukáš Ing. | H19: T | J19: 2320 | K19: GABRYŠ Michal | O19: DR | BA19: Manipulant - řidič VV | BP19: 4420 | BQ19: ZÁMEČNÍK Roman | BU19: T | BW19: 4410 | BX19: MACHALA Petr | CB19: T | CK19: 2560 | CL19: BENÍČEK Jan | CP19: T
C20: 12579 | D20: Industrial engineer | J20: 12152 | K20: Operator - Forklift | AA20: 2420 | AB20: Velké díly / Big Parts | AI20: 2420 | AJ20: ZAJÍČEK Josef | AN20: DR | AR20: 2460 | AS20: ŠIMKOVÁ Zdenka | AW20: DR | BI20: 2430 | BJ20: Dílce /Small parts | BP20: 82035 | BQ20: Quality Inspector Senior | BW20: 94301 | BX20: Technologist | CK20: 12409 | CL20: Test Technician
D21: Průmyslový inženýr | K21: Manipulant - řidič VV | AI21: 12240 | AJ21: Operator - Forklift | AR21: 12637 | AS21: Stock Clerk | AZ21: 2340 | BA21: Klempírna / Sheet Metal Works | BI21: 2450 | BJ21: Hřídele / Shafts | BQ21: Inspektor kvality senior | BX21: VS Technologie | CL21: Zkušební Technik
AJ22: Manipulant - řidič VV | AS22: Skladník - výdejce | AZ22: 2570 | BA22: Lakovna a balení / Painting & Packaging Shop
C23: 1310 | D23: SUROVEC Vladimír | H23: T | J23: 2320 | K23: STIX Josef | O23: DR | AZ23: 2320 | BA23: Dělení materiálu / Material cutting and blasting | BP23: 4420 | BQ23: VALČÍK Lukáš | BU23: T | BW23: 4410 | BX23: BAŘÁK Jaroslav, Ing. | CB23: T | CK23: 2560 | CL23: VANDA Martin, Ing. | CP23: T
C24: 11968 | D24: CNC programmer | J24: 80586 | K24: Material Distributor | BP24: 12162 | BQ24: Quality Inspector Senior | BW24: 63210 | BX24: Technologist | CK24: 11848 | CL24: Test Technician
D25: Programátor CND | K25: Manipulant - komnpletátor | AI25: 2420 | AJ25: Velké díly / Big Parts | AZ25: 2551 | BA25: Montáž / Assembly | BQ25: Inspektor kvality senior | BX25: Technolog | CL25: Zkušební Technik
AZ26: 2650 | BA26: Montáž strojů / Machines Assembly
BP27: 4420 | BQ27: MICHÁLEK Radek | BU27: T | BW27: 4410 | BX27: HERMANOVÁ Margita, Ing. | CB27: T | CK27: 2560 | CL27: MÁNEK Petr, Ing. | CP27: T
BP28: 11798 | BQ28: Quality Inspector Junior | BW28: 10054 | BX28: Technologist | CK28: 11789 | CL28: Test Technician
BQ29: Inspektor kvality junior | BX29: Technolog | CL29: Zkušební Technik
BP31: 4420 | BQ31: OLŠÁK Martin, Bc. | BU31: VS | BW31: 4410 | BX31: NOVOSAD Robert | CB31: T
C32: Jednatelé | BP32: 11194 | BQ32: Quality Inspector Senior | BW32: 10110 | BX32: Technologist
C33: Manažeři | BQ33: Inspektor kvality senior | BX33: Technolog
C34: Vedoucí
C35: Administrativa | BW35: 4410 | BX35: SUROVEC Jiří, Ing. | CB35: T
C36: Režisti | BW36: 10171 | BX36: Technologist
C37: Dílny | BX37: Technik specialista
C38: Mateřská
C39: Externista | BW39: 4410 | BX39: BAROŇ Michal, Ing. | CB39: T
BW40: 11502 | BX40: Designer
BX41: Konstruktér
BW43: 4410 | BX43: MOLEK Petr | CB43: T
BW44: 01046 | BX44: Designer
BX45: Konstruktér
BW47: 4410 | BX47: MARTINŮ Jan, Ing. | CB47: T
BW48: 12195 | BX48: Designer
BX49: Konstruktér

Sheet El. Components
B2: New Structure at TES | F2: =TES!F2 -> 45323
R3: Elektrické komponenty / Electricts Components
B4: THZ | C4: =SUM(D4:G4) -> 0 | R4: 4660 | S4: POLANSKÝ Petr, Ing. | W4: MN
B5: DR | C5: =SUM(D5:G5) -> 0 | R5: 10656 | S5: Product Unit Manager - El. Components
B6: DV | S6: Manažer produktové jednotky - El. Komponenty
B10: 4650 | C10: KUBÍČEK Milan | G10: M | J10: 4660 | K10: KAŠPAR Jaromír | O10: M | R10: 4670 | S10: MATYŠČÁK Marek | W10: M | Y10: 4520 | Z10: MAŇÁKOVÁ Marie | AD10: T | AF10: 4610 | AG10: TOMANEC Zdeněk | AK10: VS | AM10: 4710 | AN10: VÁVRA Zbyněk, Ing. | AR10: M
B11: 61772 | C11: Master - Winding Shop & Coils | J11: 99758 | K11: Master - Stacking Shop | R11: 11803 | S11: Master - Serial Winding Comp. | Y11: 50065 | Z11: Engineer of Quality - Senior | AF11: 10207 | AG11: Leader of TPP | AM11: 11532 | AN11: Master - Winding Shop, Impregnation
C12: Mistr - vinutých dílů | K12: Mistr - Paketárna | S12: Mistr - sér. Navíjené komponenety | Z12: Inženýr kvality - Senior | AG12: VS TPV (technolog) | AN12: Mistr - navijáren, impregnace
B14: 2531 | C14: Cívky a navijárna/Coils & Winding Shop | R14: 2540 | S14: Hromadné navíjení svazku / ABB LV Winding | Y14: 4520 | Z14: MOZGA Jan | AD14: T | AF14: 4610 | AG14: KOŠÁREK Radim | AK14: T
J15: 3440 | K15: HAVELKA Jan | O15: DR | Y15: 12770 | Z15: Quality Inspector - Junior | AF15: 11408 | AG15: Technologist & Welding Specialist (IWS) | AM15: 2532 | AN15: Navijárna / Winding Shop
J16: 12320 | K16: Operator - Assembler | Z16: Inspektor kvality - Junior | AG16: Technolog | AM16: 2572 | AN16: Impregnace / Impregnation
K17: Manipulant - kompletátor
B18: Jednatelé | Y18: 4520 | Z18: LOKAJ Michal | AD18: T | AF18: 4610 | AG18: MALIŠ Ondřej | AK18: T
B19: Manažeři | J19: 2230 | K19: Paketárna / Stamping Shop | Y19: 12029 | Z19: Quality Inspector - Junior | AF19: 12734 | AG19: Technologist
B20: Vedoucí | J20: 2620 | K20: Paketárna / Stacking Shop | Z20: Inspektor kvality - Junior | AG20: Technolog - inženýr kvality
B21: Administrativa
B22: Režisti | Y22: 4520 | Z22: JANKŮ Jaroslava | AD22: T | AF22: 4610 | AG22: LEŠČIŠÍN Jakub | AK22: T
B23: Dílny | Y23: 12602 | Z23: Quality Inspector - Junior | AF23: 12431 | AG23: Designer
B24: Mateřská | Z24: Inspektor kvality - Junior | AG24: Konstruktér
B25: Externista
Y26: 3430 | Z26: VRZAL Martin | AD26: T | AF26: 4610 | AG26: KULÍŠEK Adam | AK26: T
Y27: 11073 | Z27: Quality Inspector - Junior | AF27: 12757 | AG27: Technologist
Z28: Inspektor kvality - Junior | AG28: Technolog - inženýr kvality
Y30: 4520 | Z30: KŘÍŽEK Petr, Ing. | AD30: T | AF30: 4610 | AG30: BLANARČÍK Petr, Ing. | AK30: T
Y31: 12745 | Z31: Quality Inspector - Junior | AF31: 01038 | AG31: Designer
Z32: Inspektor kvality - Junior | AG32: Konstruktér
Y34: 4520 | Z34: PETŘEK František | AD34: T
Y35: 12751 | Z35: Quality Inspector - Junior
Z36: Inspektor kvality - Junior

Sheet Lamination
B2: New Structure at TES | F2: ='Automation Technology ED'!F2:G2 -> 45323
K3: Lisovna / Stamping Shop
B4: THZ | C4: =SUM(D4:G4) -> 0 | K4: 4660 | L4: POLANSKÝ Petr, Ing. | P4: MN
B5: DR | C5: =SUM(D5:G5) -> 0 | K5: 10656 | L5: Product Unit Manager - Stamping Shop
B6: DV | C6: =H27+P23 -> 0 | L6: Manažer produktové jednotky - Lisovna
C10: 4550 | D10: KULHAJ Jaroslav | H10: M | K10: 4550 | L10: MIKULEC Jaromír | P10: M | R10: 4510 | S10: KOPECKÝ Radim | W10: VS | Y10: 4520 | Z10: MAŃÁKOVÁ Marie | AD10: T | AG10: Jednatelé
C11: 10310 | D11: Master - Stamping Shop | K11: 10856 | L11: Master - Stamping Shop | R11: 01050 | S11: Leader of TPP | Y11: 50065 | Z11: Engineer of Quality - Senior | AG11: Manažeři
D12: Mistr - lisovna | L12: Mistr - lisovna | S12: Vedoucí skupiny TPV | Z12: Inženýr kvality - Senior | AG12: Vedoucí
AG13: Administrativa
R14: 4510 | S14: FILÁK Miloslav | W14: T | Y14: 4520 | Z14: NEOBSAZENO | AD14: T | AG14: Režisti
C15: 2220 | D15: KNEBL Petr | H15: DR | K15: 2220 | L15: MARTINEK Zdeněk | P15: DR | R15: 12108 | S15: Designer | Z15: Quality Inspector - Junior | AG15: Dílny
C16: 12609 | D16: Operator - Forklift | K16: 12664 | L16: Operator - Forklift | S16: Konstruktér | Z16: Inspektor kvality - Junior | AG16: Mateřská
D17: Manipulant-řidič VV | L17: Manipulant-řidič VV | AG17: Externista
R18: 4510 | S18: KATRUŠÁK Zdeněk | W18: T | Y18: 4520 | Z18: ORSÁG David | AD18: T
C19: 2220 | D19: IŠPOLD Josef | H19: DR | K19: 2220 | L19: ŠIMEK Ondřej | P19: DR | R19: 01049 | S19: Designer | Y19: 12632 | Z19: Quality Inspector - Junior
C20: 98290 | D20: Operator - Forklift | K20: 11797 | L20: Operator - Forklift | S20: Konstruktér | Z20: Inspektor kvality - Junior
L21: Manipulant-řidič VV
R22: 4510 | S22: MÁCA Milan | W22: T | Y22: 4520 | Z22: BLAŽEK Daniel, Bc. | AD22: T
K23: 2220 | L23: Lisovna / Stamping Shop | R23: 89761 | S23: TECHNOLOGIST | Y23: 12624 | Z23: Quality Inspector - Junior
S24: Technolog | Z24: Inspektor kvality - Junior
R26: 4510 | S26: ORSÁG Michal | W26: T | Y26: 4520 | Z26: HADAŠ Václav | AD26: T
C27: 2220 | D27: Lisovna / Stamping Shop | R27: 01051 | S27: Designer | Y27: 12765 | Z27: Quality Inspector - Junior
S28: Konstruktér | Z28: Inspektor kvality - Junior
R30: 4510 | S30: DUBROVSKYI Dmytro | W30: T
R31: 12701 | S31: Designer
S32: Konstruktér

Sheet Switchboard & Toolshop
B2: New Structure at TES | F2: =TES!F2 -> 45323
V3: Rozvaděče a Nástrojárna / Switchboard & Toolshop
B4: THZ | C4: =SUM(D4:F4) -> 0 | V4: 5110 | W4: MATULA Lukáš Ing | AB4: MN
B5: DR | C5: =SUM(D5:F5) -> 0 | V5: 12578 | W5: Product unit manager - Switchboard & Toolshop
B6: DV | C6: =N39+N40+AD22+AD23 -> 0 | W6: Manažer produktové jednotky - Rozvaděče a nástrojárna
I10: 5440 | J10: HANIČÁK Tomáš | N10: M | P10: 2740 | Q10: MACEK Jindřich | U10: VS | Y10: 4560 | Z10: ÚNAR Jaroslav | AD10: M | AF10: 5510 | AG10: MRÁZEK Radovan | AK10: T
I11: 12123 | J11: Master - El. Prod. / Technologist | P11: 47009 | Q11: Electrical Engineer | Y11: 85113 | Z11: Master - Tool Shop | AF11: 11633 | AG11: Technologies
J12: Mistr - elektromontáž /Technolog | Q12: Zkušební technik | Z12: Mistr - nástrojárna | AG12: Technolog
I14: 2720 | J14: Elektrovýroba / Electrical Production | Y14: 4560 | Z14: MIKULÍK Petr | AD14: M | AF14: 5510 | AG14: KŮRA Petr | AK14: T
B15: Jednatelé | I15: 2730 | J15: Výroba kusových rozvaděčů / Single Part Production - Switchboard | Y15: 20122 | Z15: Master - Tool Shop | AF15: 12646 | AG15: Technologies
B16: Manažeři | Z16: Mistr - nástrojárna | AG16: Technolog
B17: Vedoucí
B18: Administrativa | Y18: 4560 | Z18: LYS Radim | AD18: T
B19: Režisti | Y19: 12459 | Z19: Quality Inspector - Senior
B20: Dílny | Z20: Inspektor kvality - Senior
B21: Mateřská
B22: Externista | Y22: 2120 | Z22: Montáž JÚS / Assembly Spec. Purpose Machines
Y23: 2240 | Z23: Nástrojárna / Tool Shop

Sheet R&D
B2: New Structure at TES | F2: =TES!F2 -> 45323
P3: Výzkum a vývoj / Research & Development
B4: THZ | C4: =SUM(D4:F4) -> 0 | P4: 3410 | Q4: ŠKÝVARA Petr, Ing. | U4: MN
B5: DR | C5: =SUM(D5:F5) -> 0 | P5: 11566 | Q5: Head of Design & Development
B6: DV | C6: =SUM(D6:F6) -> 0 | Q6: Vedoucí konstrukce a vývoje
B10: 3410 | C10: HOŘÁK Ladislav, Bc. | G10: T | I10: 3410 | J10: neobsazeno | N10: T | P10: 3490 | Q10: neobsazeno | U10: T | W10: 3480 | X10: SURÝ Antonín, DiS | AB10: T | AD10: 3410 | AE10: FOJTŮ Lenka | AI10: T
B11: 11928 | C11: Teamleader - Mechanical design | J11: Teamleader - Winding design | Q11: Teamleader - El.Magnetic. Calculation | W11: 01030 | X11: Teamleader - Technical Support | AD11: 01044 | AE11: Drawing Archive
C12: Konstruktér | J12: Konstruktér | Q12: Projektant elektro | X12: Konstruktér | AE12: Konstruktér
AL13: Jednatelé
B14: 3490 | C14: ČALA Václav, Ing. | G14: T | I14: 3410 | J14: LARMER Jaroslav, Ing. | N14: T | P14: 3490 | Q14: BEDNAŘÍK Jaroslav, Ing. | U14: T | W14: 3410 | X14: VALENTA Tomáš, Ing. | AB14: T | AL14: Manažeři
B15: 01031 | C15: Mechanical Designer | I15: 01041 | J15: Winding Designer | P15: 11388 | Q15: El. Mag. Calculation | W15: 11914 | X15: Bearing/Accesories (Draft Support) | AL15: Vedoucí
C16: Konstruktér | J16: Konstruktér | Q16: Projektant elektro | X16: Konstruktér podpory | AL16: Administrativa
AL17: Režisti
B18: 3490 | C18: KOVÁŘOVÁ Ivana, Ing. | G18: T | I18: 3410 | J18: VAVŘINA Jiří, Ing. | N18: T | P18: 3490 | Q18: HRTÁŇ Michal, Ing. | U18: T | AL18: Dílny
B19: 11748 | C19: FEM Specialist | I19: 11731 | J19: Winding Designer | P19: 11308 | Q19: El. Mag. Calculation | AL19: Mateřská
C20: Konstruktér | J20: Konstruktér | Q20: Projektant elektro | AL20: Externista
B22: 3410 | C22: MIČKAL Radek | G22: MN | I22: 3410 | J22: STANĚK Rostislav, Ing. | N22: T | P22: 3490 | Q22: SVOBODA Jiří, Ing. | U22: T
B23: 01035 | C23: Mechanical Designer | I23: 01043 | J23: Winding Designer | P23: 11575 | Q23: El. Mag. Calculation
C24: Manažer strojní konstrukce | J24: Konstruktér | Q24: Projektant elektro
B26: 3410 | C26: HROMADA Martin, Ing. | G26: T | I26: 3410 | J26: SCHLESINGER Petr, Ing. | N26: T | P26: 3410 | Q26: KACELE Jiří, Bc. | U26: T
B27: 11561 | C27: Mechanical Designer | I27: 12622 | J27: Winding Designer | P27: 11505 | Q27: User Guides
C28: Konstruktér | J28: Konstruktér | Q28: Konstruktér
B30: 3410 | C30: BAJZA Stanislav, Ing. | G30: T | I30: 3410 | J30: HALUŠKA Ján, Ing. | N30: T
B31: 12628 | C31: Mechanical Designer - Test Stands | I31: 11910 | J31: Winding Designer
C32: Konstruktér - Zkušební stanoviště | J32: Konstruktér

Sheet Maintenance Repair
B2: New Structure at TES | F2: =TES!F2 -> 45323
Y7: Jednatelé
Y8: Manažeři
I9: 1910 | J9: DANĚK Tomáš | N9: MN | Y9: Vedoucí
I10: 11162 | J10: Head of Repair & Maintenance | Y10: Administrativa
J11: Vedoucí TOV | Y11: Režisti
Y12: Dílny
Y13: Mateřská
I14: 1910 | J14: ELIÁŠ Jakub | N14: T | Y14: Externista
I15: 12076 | J15: Operations Technician
J16: Provozní technik
B19: 1940 | C19: JANÍK Václav | G19: DR | I19: 1940 | J19: KOŇAŘÍK Vlastimil | N19: DR | P19: 1920 | Q19: BJALEK Vladimír | U19: DR
B20: 96093 | C20: Locksmith | I20: 11428 | J20: Locksmith | P20: 10304 | Q20: Electrician
C21: Provoz.zámečník-tribotechnik | J21: Provozní zámečník | Q21: Provozní elektrikář
B23: 1940 | C23: JANOTA Milan | G23: DR | I23: 1930 | J23: SKLÁŘ František | N23: DR | P23: 1920 | Q23: NEOBSAZENO | U23: DR
B24: 11582 | C24: Locksmith | I24: 55592 | J24: Electro Mechanician NC Machines | Q24: Electrician
C25: Provozní zámečník | J25: Elektromechanik NC strojů | Q25: Provozní elektrikář
B27: 1940 | C27: MIKULENKA Miroslav | G27: DR | I27: 1940 | J27: KAJZER Milan | N27: DR | P27: 1920 | Q27: ŠIMČÍK Jiří | U27: DR
B28: 10943 | C28: Locksmith | I28: 93733 | J28: Locksmith | P28: 11808 | Q28: Electrician
C29: Provozní zámečník | J29: Provozní zámečník | Q29: Provozní elektrikář
B31: 1940 | C31: MRNŮŠTÍK Jiří | G31: DR | I31: 1940 | J31: MAŇÁK Milan | N31: DR | P31: 1920 | Q31: TRČÁLEK Jiří | U31: DR
B32: 99377 | C32: Locksmith | I32: 11037 | J32: Locksmith | P32: 12258 | Q32: Electrician
C33: Provozní zámečník | J33: Provozní zámečník | Q33: Provozní elektrikář
B35: 1940 | C35: ŠŤASTNÝ Zdeněk | G35: DR | I35: 1940 | J35: SPITZER Marek | N35: DR
B36: 12625 | C36: Locksmith | I36: 12769 | J36: Locksmith
C37: Provozní zámečník | J37: Provozní zámečník

Sheet HR & IT & C & F 
B2: New Structure at TES | F2: =TES!F2 -> 45323
J3: HR, Finance & Administration
B4: THZ | C4: =ROUND(SUM(D4:G4),0) -> 0 | J4: 1110 | K4: KASANICKÝ Ján, Ing.
B5: DR | C5: 0 | J5: 12194 | K5: CFO
B6: DV | C6: 0 | K6: Finanční ředitel
C10: 1530 | D10: KOUSALOVÁ Erika | H10: VS | J10: 1520 | K10: ŠVAGEROVÁ Martina, Ing. | O10: VS | Q10: 1510 | R10: MÁČALA Jakub, Ing. | V10: MN | X10: 1610 | Y10: ROCHOWANSKÁ Tereza, Bc. | AC10: MN | AG10: Jednatelé
C11: 01007 | D11: IT Manager | J11: 20348 | K11: Accounting Manager | Q11: 12071 | R11: Controlling Manager | X11: 12504 | Y11: HR Manager | AG11: Manažeři II
D12: Vedoucí IT | K12: Vedoucí účtárny | R12: Manažer kontrollingu | Y12: Manažer HR | AG12: Vedoucí
AG13: Administrativa
C14: 1530 | D14: ČUREČEK Marek | H14: R | J14: 1520 | K14: KRATINOVÁ Pavlína | O14: R | Q14: 1510 | R14: ŽLEBKOVÁ Eva | V14: R | X14: 1610 | Y14: TROCHTOVÁ Marie | AC14: R | AG14: Režisti
C15: 12759 | D15: Systems Administrator | J15: 12669 | K15: Accountant | Q15: 12722 | R15: Financial & HR Controller | X15: 01011 | Y15: HR-Payroll Officer | AG15: Dílny
D16: Systémový Administrator | K16: Účetní | R16: Finanční a HR kontrolor | Y16: Personálně-mzdový referent | AG16: Mateřská
AG17: Externista
C18: 1530 | D18: ČOKAVEC Milan | H18: R | J18: 1520 | K18: POLANSKÁ Veronika | O18: R | X18: 1610 | Y18: KOVAŘÍČKOVÁ Ivana, Ing. | AC18: R
C19: 01015 | D19: IT QAD Analyst | J19: 12739 | K19: Accountant | X19: 12269 | Y19: HR Officer
D20: IT QAD Analytik | K20: Účetní | Y20: HR Referent
C22: 1530 | D22: DOKOUPIL Jan | H22: R | J22: 1520 | K22: ŠIMAROVÁ Renata | O22: R | X22: 1610 | Y22: TRLICOVÁ Kateřina | AC22: R
C23: 12695 | D23: Network Administrator | J23: 12208 | K23: Accountant | X23: 12082 | Y23: HR Officer
D24: Správce sítí | K24: Účetní | Y24: HR Referent
C26: 1530 | D26: FURIK Pavel, Ing. | H26: R | J26: 1520 | K26: KOŇAŘÍKOVÁ Kristýna | O26: R | X26: 1610 | Y26: CHVATÍKOVÁ Vendula, Bc. | AC26: R
C27: 12768 | D27: Programmer - analyst | J27: 12630 | K27: Accountant | X27: 11890 | Y27: HR Specialist | AC27: Mat.
D28: Programátor - analytik | K28: Účetní | Y28: HR Specialista
J30: 1520 | K30: ČEŠKOVÁ Darja Ing. | O30: R
J31: 12148 | K31: Accountant | O31: Mat.
K32: Účetní

Sheet List1
A2: J
A3: MN
A4: VS
A5: M
A6: T
A7: R
A8: DR

Sheet List2
